 Dungeon Crawl Stone Soup version 0.18-a0-1789-gbeff17f (webtiles) character file.

345 Scytalen the Insei (level 6, 0/32 HPs)
             Began as a Vine Stalker Monk on Apr 21, 2016.
             Succumbed to a scorpion's poison
             ... on level 4 of the Dungeon.
             The game lasted 00:09:36 (3315 turns).

Scytalen the Insei (Vine Stalker Monk)              Turns: 3315, Time: 00:09:37

Health: 0/32       AC:  6    Str: 18    XL:     6   Next: 58%
Magic:  2/7        EV: 13    Int: 10    God:
Gold:   111        SH:  0    Dex: 16    Spells: 0 memorised, 5 levels left

rFire  . . .     SeeInvis .       - Unarmed
rCold  . . .     Gourm    .     a - +0 robe
rNeg   . . .     Faith    .     (no shield)
rPois  .         Spirit   +     D - +1 hat
rElec  .         Dismiss  .     h - +1 cloak
rCorr  .         Reflect  .     (no gloves)
SustAt .         Harm     .     k - +0 pair of boots
MR     .....                    (no amulet)
Stlth  ++........               (no ring)
                                y - +2 ring of strength

@: lethally poisoned (0 -> -15), not resistant to hostile enchantments,
unstealthy
A: fangs 2, regeneration 2, magic shield, antimagic bite, no device heal 3, rot
immunity
a: no special abilities


You were on level 4 of the Dungeon.
You were not hungry.

You visited 1 branch of the dungeon, and saw 4 of its levels.

You collected 176 gold pieces.
You spent 65 gold pieces at shops.

Inventory:

Hand Weapons
 b - a +2 hunting sling of evasion
 F - a +0 blowgun
Missiles
 c - 59 stones (quivered)
 s - 28 sling bullets
 v - a throwing net
 w - 16 poisoned needles
Armour
 a - a +0 robe (worn)
 h - a +1 cloak (worn)
 k - a +0 pair of boots (worn)
 D - a +1 hat (worn)
Jewellery
 y - a +2 ring of strength (left hand)
Scrolls
 e - a scroll of teleportation {unknown}
 f - a scroll of noise {unknown}
 l - a scroll of blinking {unknown}
 o - a scroll of enchant weapon {unknown}
 p - 2 scrolls of magic mapping {unknown}
 z - 4 scrolls of random uselessness {unknown}
 B - 2 scrolls of amnesia {unknown}
 E - a scroll of fog {unknown}
 G - 2 scrolls of remove curse
Potions
 d - a potion of resistance
 g - 3 potions of flight
 i - a potion of haste
 j - a potion of cancellation
 q - a potion of heal wounds
 r - a potion of ambrosia {unknown}
 t - a potion of brilliance {unknown}
 C - a potion of agility {unknown}
Comestibles
 m - a royal jelly
 n - 6 chunks of flesh
 x - 4 bread rations
 A - a beef jerky


   Skills:
 - Level 2.6 Fighting
 - Level 2.4 Dodging
 - Level 2.4 Stealth
 + Level 7.7 Unarmed Combat


You had 5 spell levels left.
You didn't know any spells.

Dungeon Overview and Level Annotations

Branches:
Dungeon (4/15)
 Temple: D:4-7

Altars:
Qazlal

Shops:
D:4 ?


Innate Abilities, Weirdness & Mutations

You have extremely sharp teeth.
You heal very quickly.
When hurt, damage is shared between your health and your magic reserves.
Your bite disrupts and absorbs the magic of your enemies.
Potions and wands cannot restore your health.
You are immune to rotting.


Message History

MASSIVE DAMAGE!!
You now have 1/7 mp.
Drink which item? (? for menu, Esc to quit)
It was a potion of flight.
You feel very buoyant.
You fly up into the air.
* * * LOW HITPOINT WARNING * * *
You feel sick. The scorpion barely misses you.
You take 1 damage, and have 3/32 hp.
Drink which item? (? for menu, Esc to quit)
It was a potion of cancellation.
Your magical effects are unravelling.
You feel magically purged.
* * * LOW HITPOINT WARNING * * *
You feel sick. The scorpion misses you.
You take 2 damage, and have 1/32 hp.
Drink which item? (? for menu, Esc to quit)
It was a potion of heal wounds.
That seemed strangely inert.
You float gracefully downwards.
You die...

.....##.### .......$...
...##....#..
..................(..#..
....#.#.####.#..#.......
....#.#.####.#......(..(
....................#...
..........#..#........>.
........#.#..#....<.#
..[..........#..@s..###
#..#.#..#...............
........................
#.............#..##.###.
...#..........#..# .#
...#..........#..# #
#<###.#.##.#..#..##.##
.. ........#..........
................)..


You could see a scorpion.

Vanquished Creatures
  A hound (D:4)
  A giant frog skeleton (D:4)
  2 orc priests (D:3)
  A worker ant (D:4)
  A hound skeleton (D:4)
  8 adders
  4 gnolls (D:2)
  An ooze (D:3)
  2 worms
  A dart slug (D:3)
  9 orcs
  7 giant cockroaches
  5 goblins
  7 hobgoblins
  5 jackals
  A quokka (D:1)
  A ball python (D:1)
  3 bats
  2 giant newts
  4 kobolds
  A quokka skeleton (D:4)
  4 rats
71 creatures vanquished.

Notes
Turn   | Place    | Note
--------------------------------------------------------------
     0 | D:1      | Scytalen the Vine Stalker Monk began the quest for the Orb.
     0 | D:1      | Reached XP level 1. HP: 11/11 MP: 2/2
   232 | D:1      | Reached XP level 2. HP: 14/16 MP: 3/3
   891 | D:2      | Reached skill level 5 in Unarmed Combat
   891 | D:2      | Reached XP level 3. HP: 19/19 MP: 4/4
   936 | D:2      | Reached XP level 4. HP: 11/23 MP: 2/5
  1957 | D:3      | Reached skill level 6 in Unarmed Combat
  2040 | D:3      | Reached XP level 5. HP: 27/27 MP: 6/6
  2613 | D:3      | Reached skill level 7 in Unarmed Combat
  2710 | D:3      | Gained mutation: You heal very quickly. [Vine Stalker growth]
  2710 | D:3      | Reached XP level 6. HP: 32/32 MP: 7/7
  3021 | D:4      | Found Xegruzov's Magic Scroll Boutique.
  3030 | D:4      | Bought a scroll of identify for 26 gold pieces
  3030 | D:4      | Bought a scroll of remove curse for 39 gold pieces
  3047 | D:4      | Found a stormy altar of Qazlal.
  3314 | D:4      | HP: 1/32 [poisoned by a scorpion]
  3315 | D:4      | Succumbed to a scorpion's poison

Vault maps used:
D:1:      dpeg_arrival_refuge, minivault_23
D:2:      mumra_celtic_spiral_tile
D:4:      forest_paths, grunt_qazlal_clouds, serial_shops, shop,
          nicolae_shop_statue_plus, shop, shop, shop_scrolls

Skill      XL: |  1  2  3  4  5 |
---------------+----------------+-----
Unarmed Combat | 5 6 7 |  7.7
Fighting       | |  2.6
Dodging        | |  2.4
Stealth        | |  2.4

Action                   |  1- 3 |  4- 6 || total
-------------------------+-------+-------++-------
Melee: Unarmed           |    67 |    73 ||   140
       Bite              |    17 |    31 ||    48
       Punch             |     3 |     2 ||     5
 Fire: Hunting sling     |       |   108 ||   108
Throw: Stone             |    15 |     1 ||    16
  Use: Scroll            |       |     3 ||     3
       Potion            |       |     3 ||     3
 Stab: Sleeping          |     1 |       ||     1
  Eat: Chunk             |       |     7 ||     7
Armor: Robe              |     7 |    16 ||    23
Dodge: Dodged            |    39 |    47 ||    86
